 Dungeon Sprint DCSS version 0.26-a0-668-gd58323b419 (webtiles) character file.

Game seed: 13146844656130186742

142532 schets the Green Death (level 17, -1/180 HPs)
             Began as a Hill Orc Gladiator on Oct 15, 2020.
             Was a High Priest of Fedhas.
             Killed from afar by a titan (26 damage)
             ... with a bolt of lightning
             ... in the Dungeon (Sprint VII: "The Pits") on Oct 18, 2020.
             The game lasted 00:42:41 (9694 turns).

schets the Green Death (Hill Orc Gladiator)         Turns: 9694, Time: 00:42:42

Health: -1/180     AC: 40    Str: 29    XL:     17   Next: 35%
Magic:  16/34      EV: 14    Int:  8    God:    Fedhas [*****.]
Gold:   50         SH:  0    Dex: 13    Spells: 41/41 levels left

rFire    + . .     SeeInvis .   e - +5 broad axe
rCold    + + .     Faith    .   E - +0 tower shield
rNeg     . . .     Spirit   .   J - +2 gold dragon scales
rPois    +         Reflect  .   a - +1 helmet
rElec    +         Harm     .   v - +4 dragonskin cloak
rCorr    +         Rampage  .   b - +1 pair of gloves
MR       +....     NoTele   +   (no boots)
Stlth    ..........             (no amulet)
HPRegen  0.40/turn              u - +3 ring of protection
MPRegen  0.24/turn              I - +6 ring of strength

@: confused, very slightly contaminated, invisible
A: no striking features
a: Wall of Briars, Grow Ballistomycete, Overgrow, Grow Oklob, Renounce Religion


You were in the Dungeon.
You worshipped Fedhas.
Fedhas was extremely pleased with you.
You visited 1 branch You collected 50 gold pieces.

Inventory:

Hand Weapons
 e - a +5 broad axe (weapon)
 q - a +0 shortbow
Missiles
 d - 3 throwing nets
 r - 277 arrows
 G - 8 javelins (quivered)
Armour
 a - a +1 helmet (worn)
 b - a +1 pair of gloves (worn)
 c - a +0 helmet
 v - the +4 dragonskin cloak (worn)
   (You took it off Tiamat in the Dungeon)
 E - a +0 tower shield (worn)
 J - +2 gold dragon scales (worn)
Jewellery
 s - a +3 ring of strength
 u - a +3 ring of protection (left hand)
 B - an uncursed ring of positive energy
 C - an uncursed ring of fire
 F - a +6 ring of dexterity
 I - a +6 ring of strength (right hand)
Wands
 i - a wand of random effects (14)
Scrolls
 j - 2 scrolls of blinking
 l - 3 scrolls of remove curse
 m - 5 scrolls of amnesia
 n - a scroll of summoning
 p - 4 scrolls of enchant armour
 y - a scroll of fear
 A - 2 scrolls of identify
Potions
 f - 12 potions of heal wounds
 g - 2 potions of haste
 h - 3 potions of magic
 o - 3 potions of curing
 t - a potion of might
 w - 2 potions of brilliance
 z - a potion of mutation
 D - 5 potions of berserk rage
Miscellaneous
 H - a phantom mirror


   Skills:
 + Level 23.4 Fighting
 - Level 18.0 Axes
 - Level 14.5 Bows
 - Level 1.7 Throwing
 + Level 21.5 Armour
 + Level 18.0 Dodging
 - Level 12.2 Stealth
 + Level 15.3 Shields
 + Level 12.6 Spellcasting
 O Level 27 Invocations


You had 41 spell levels left.
You didn't know any spells.
Your spell library was empty.

Dungeon Overview and Level Annotations

Branches:
Dungeon (1/1)

Altars:
Ashenzari
Cheibriados
Dithmenos
Elyvilon
Fedhas
Gozag
Hepliaklqana
Kikubaaqudgha
Makhleb
Nemelex Xobeh
Okawaru
Qazlal
Ru
Sif Muna
Trog
Uskayaw
Vehumet
Wu Jian
Xom
Yredelemnul
Zin
The Shining One
Beogh
Jiyva
Lugonu


Message History

The titan points at you and mumbles some strange words.
The bolt of lightning misses you.
The bolt of lightning hits your ballistomycete!!!
The stone giant hits your oklob plant but does no damage.
Your ballistomycete spore explodes!
The explosion of spores engulfs you!!!
You are confused.
* * * LOW HITPOINT WARNING * * *
Fedhas protects your plant from harm.
The stone giant appears confused.
The explosion of spores engulfs the stone giant!!!
The stone giant is severely wounded.
Something hits your ballistomycete!!! Something hits your ballistomycete!!
Something burns your ballistomycete.
A bolt of cold appears from out of your range of vision.
The stone giant hits your oklob plant!
The titan gestures at you while chanting.
The bolt of lightning hits you!!
You die...
Fedhas appreciates your contribution to the ecosystem.

##* ########## ***#****** ..#*
##........## *,CC,,,,,, ...##
##..........######C(C,,,,,,
....###............##P..)CCC,,,,,
#....#..........§f§C).CCC(C,,,,,,
##...#.........§§P§§C)..####*****
.##..#.........*PCC)CC........,,,
[...[..........f§PCCP#........,,,
.[..)........f.§@CP§##########***
..[.........ff.(.§§§# ****** ***
.##..#..........§...# *,+*,***,**
##...#..............#****,,,+,,,*
#....#..............#*,***,***,**
....###............##**+,*+*,**+,
...## ##..........## *,,,*,,,*,,
..#* ##....[...## ***,***,+**,
##* ####''#### *,*+*,***,*+


You could see a titan, a fire giant (corroded), 2 stone giants, a friendly oklob
plant (summoned), 4 friendly wandering mushrooms, 3 friendly ballistomycetes and
a friendly ballistomycete spore.

Vanquished Creatures
  Mnoleg (D)
  Mara (D)
  A pandemonium lord (D)
  A greater mummy (D)
  Xtahua (D)
  A Brimstone Fiend (D)
  An Ice Fiend (D)
  A tentacled monstrosity (D)
  10 Orb Guardians (D)
  A Hell Sentinel (D)
  An acid blob (D)
  Murray (D)
  A sphinx (D)
  A fire giant (D)
  An iron dragon (D)
  A ghost moth (D)
  An orc warlord (D)
  A draconian annihilator (D)
  An ophan (D)
  2 green draconians (D)
  2 black draconians (D)
  2 purple draconians (D)
  A yellow draconian (D)
  A death ooze (D)
  A great orb of eyes (D)
  A naga warrior (D)
  4 death yaks (D)
  2 iron elementals (D)
  A deep elf knight (D)
  A sea snake (D)
  2 iron trolls (D)
  A shadow wraith (D)
  An unseen horror (D)
  6 orc knights (D)
  A phantasmal warrior (D)
  A deep elf mage (D)
  An elephant (D)
  An orange demon (D)
  A yaktaur (D)
  A rime drake (D)
  An ice devil (D)
  A freezing wraith (D)
  A red devil (D)
  2 polar bears (D)
  3 blink frogs (D)
  2 snapping turtles (D)
  A redback (D)
  A spriggan (D)
  A shadow (D)
  A basilisk (D)
  3 floating eyes (D)
  Duvessa (D)
  A phantom (D)
  An orc warrior (D)
  An ogre (D)
  A wolf (D)
  A centaur (D)
  Dowan (D)
  2 killer bees (D)
  A crimson imp (D)
  A jelly (D)
  An iguana (D)
  An orc wizard (D)
  3 worker ants (D)
  An adder (D)
  2 river rats (D)
  A worm (D)
  A leopard gecko (D)
  An orc (D)
  A giant cockroach (D)
  A quokka (D)
  A bat simulacrum (D)
  A leopard gecko skeleton (D)
  A rat (D)
  4 ballistomycete spores (D)
110 creatures vanquished.

Vanquished Creatures (collateral kills)
  Tiamat (D)
  A pandemonium lord (D)
  An ancient lich (D)
  Boris (D)
  A pearl dragon (D)
  A golden dragon (D)
  A profane servitor (D)
  An electric golem (D)
  2 Hell Sentinels (D)
  2 tentacled monstrosities (D)
  3 titans (D)
  A deep elf blademaster (D)
  15 Orb Guardians (D)
  2 storm dragons (D)
  2 nagarajas (D)
  Louise (D)
  A cacodemon (D)
  3 frost giants (D)
  A draconian knight (D)
  An orc warlord (D)
  A balrug (D)
  An emperor scorpion (D)
  A draconian annihilator (D)
  A vampire knight (D)
  A green draconian (D)
  A black draconian (D)
  3 purple draconians (D)
  A minotaur (D)
  Snorg (D)
  2 ettins (D)
  A boulder beetle (D)
  2 vault guards (D)
  A spriggan air mage (D)
  A merfolk avatar (D)
  A death knight (D)
  2 deep elf knights (D)
  2 spriggan berserkers (D)
  Sonja (D)
  2 sun demons (D)
  A spriggan druid (D)
  An iron troll (D)
  2 lindwurms (D)
  6 orc knights (D)
  A cyclops (D)
  2 deep elf magi (D)
  Maurice (D)
  A manticore (D)
  A moth of wrath (D)
  An elephant (D)
  A merfolk siren (D)
  A rust devil (D)
  A smoke demon (D)
  A freezing wraith (D)
  An ice devil (D)
  2 red devils (D)
  A jumping spider (D)
  2 wind drakes (D)
  A blink frog (D)
  A redback (D)
  A shadow (D)
  An air elemental (D)
  A wraith (D)
  A fire elemental (D)
  A basilisk (D)
  2 vampire mosquitoes (D)
  2 neqoxecs (D)
  A steam dragon (D)
  A soldier ant (D)
  An acid dragon (D)
  A swamp drake (D)
  A phantom (D)
  2 eyes of draining (D)
  2 wolves (D)
  3 centaurs (D)
  A big kobold (D)
  A gnoll sergeant (D)
  3 killer bees (D)
  Crazy Yiuf (D)
  5 gnolls (D)
  2 leopard geckos (D)
  An orc (D)
  A bat (D)
  A giant cockroach (D)
  106 ballistomycete spores (D)
240 creatures vanquished.

Vanquished Creatures (others)
  An Orb Guardian (D)
  An eldritch tentacle (D)
  A green draconian (D)
  A wandering mushroom (D)
  20 ballistomycete spores (D)
24 creatures vanquished.

Grand Total: 374 creatures vanquished

Notes
Turn   | Place    | Note
-------+----------+-------------------------------------------
     0 | D        | schets the Hill Orc Gladiator began the quest for the Orb.
     0 | D        | Reached XP level 1. HP: 18/18 MP: 1/1
     8 | D        | Noticed a floating eye
    12 | D        | Paralysed by a floating eye for 3 turns
    19 | D        | Paralysed by a floating eye for 2 turns
    23 | D        | Found a bloodstained altar of Trog.
    23 | D        | Found a shimmering blue altar of Sif Muna.
    23 | D        | Found a viscous altar of Jiyva.
    23 | D        | Found a hazy altar of Hepliaklqana.
    23 | D        | Found an opulent altar of Gozag.
    24 | D        | Found a glowing golden altar of the Shining One.
    24 | D        | Found a glowing silver altar of Zin.
    24 | D        | Found a basalt altar of Yredelemnul.
    24 | D        | Found a shimmering altar of Xom.
    24 | D        | Found an ornate altar of the Wu Jian Council.
    24 | D        | Found a sacrificial altar of Ru.
    24 | D        | Found a stormy altar of Qazlal.
    24 | D        | Found an iron altar of Okawaru.
    24 | D        | Found a sparkling altar of Nemelex Xobeh.
    24 | D        | Found a burning altar of Makhleb.
    24 | D        | Found a blossoming altar of Fedhas.
    24 | D        | Found a white marble altar of Elyvilon.
    24 | D        | Found a shadowy altar of Dithmenos.
    24 | D        | Found a snail-covered altar of Cheibriados.
    26 | D        | Found a corrupted altar of Lugonu.
    26 | D        | Found a radiant altar of Vehumet.
    26 | D        | Found a roughly hewn altar of Beogh.
    26 | D        | Paralysed by a floating eye for 4 turns
    30 | D        | Found a broken altar of Ashenzari.
    30 | D        | Found an ancient bone altar of Kikubaaqudgha.
    30 | D        | Found a hide-covered altar of Uskayaw.
    36 | D        | Paralysed by a floating eye for 4 turns
    50 | D        | Paralysed by a floating eye for 4 turns
    56 | D        | Paralysed by a floating eye for 4 turns
    61 | D        | Paralysed by a floating eye for 4 turns
    70 | D        | Became a worshipper of Fedhas Madash
    75 | D        | Paralysed by a floating eye for 2 turns
    77 | D        | Killed a floating eye
    77 | D        | Reached skill level 9 in Invocations
    77 | D        | Reached XP level 2. HP: 25/25 MP: 1/7
    77 | D        | Reached XP level 3. HP: 30/30 MP: 1/9
    77 | D        | Reached XP level 4. HP: 37/37 MP: 1/10
   201 | D        | Reached * piety under Fedhas
   201 | D        | Reached skill level 5 in Dodging
   372 | D        | Reached ** piety under Fedhas
   372 | D        | Reached skill level 5 in Axes
   372 | D        | Reached XP level 5. HP: 11/46 MP: 12/12
   632 | D        | Reached skill level 10 in Invocations
   700 | D        | Noticed a redback
   700 | D        | Noticed a centaur
   706 | D        | Killed a centaur
   706 | D        | Reached *** piety under Fedhas
   706 | D        | Reached skill level 5 in Fighting
   721 | D        | Killed a redback
   721 | D        | Reached skill level 11 in Invocations
   721 | D        | Reached XP level 6. HP: 21/58 MP: 5/14
  1106 | D        | Noticed a smoke demon
  1109 | D        | Noticed a wraith
  1110 | D        | Noticed a phantasmal warrior
  1129 | D        | Killed a smoke demon
  1129 | D        | Reached skill level 1 in Bows
  1129 | D        | Reached skill level 12 in Invocations
  1129 | D        | Reached XP level 7. HP: 29/66 MP: 14/16
  1315 | D        | Killed a wraith
  1339 | D        | Killed a phantasmal warrior
  1339 | D        | Reached skill level 13 in Invocations
  1339 | D        | Reached XP level 8. HP: 34/75 MP: 12/18
  1541 | D        | Noticed Duvessa
  1541 | D        | Noticed Dowan
  1556 | D        | Killed Duvessa
  1556 | D        | Reached skill level 10 in Axes
  1556 | D        | Reached skill level 5 in Armour
  1561 | D        | Reached **** piety under Fedhas
  1567 | D        | Killed Dowan
  1579 | D        | Reached skill level 14 in Invocations
  1911 | D        | Noticed a death yak
  1924 | D        | Killed a death yak
  1924 | D        | Reached skill level 5 in Bows
  1924 | D        | Reached XP level 9. HP: 80/84 MP: 13/20
  2150 | D        | Noticed a sea snake
  2165 | D        | Reached skill level 15 in Invocations
  2184 | D        | Killed a sea snake
  2184 | D        | Reached skill level 10 in Fighting
  2717 | D        | Noticed a death yak
  2718 | D        | Noticed a death yak
  2725 | D        | Noticed a death yak
  2729 | D        | Killed a death yak
  2729 | D        | Reached skill level 16 in Invocations
  2731 | D        | Noticed an elephant
  2731 | D        | Reached XP level 10. HP: 94/94 MP: 11/22
  2754 | D        | Reached ***** piety under Fedhas
  2755 | D        | Killed a death yak
  2759 | D        | Killed a death yak
  2759 | D        | Reached skill level 17 in Invocations
  2768 | D        | Killed an elephant
  2811 | D        | Noticed Crazy Yiuf
  2818 | D        | Killed Crazy Yiuf
  2820 | D        | Reached ****** piety under Fedhas
  2832 | D        | Killed a shadow wraith
  2984 | D        | Noticed a sphinx
  2984 | D        | Noticed Sonja
  2987 | D        | Killed Sonja
  2990 | D        | Killed a sphinx
  2990 | D        | Reached skill level 10 in Armour
  2990 | D        | Reached skill level 18 in Invocations
  2990 | D        | Reached XP level 11. HP: 104/104 MP: 4/24
  3208 | D        | Noticed a deep elf mage
  3210 | D        | Noticed a lindwurm
  3215 | D        | Paralysed by a floating eye for 4 turns
  3223 | D        | Killed a deep elf mage
  3229 | D        | Killed a lindwurm
  3235 | D        | Killed an unseen horror
  3235 | D        | Reached skill level 10 in Dodging
  3496 | D        | Noticed Maurice
  3498 | D        | Noticed a spriggan druid
  3500 | D        | Noticed a spriggan air mage
  3502 | D        | Reached skill level 19 in Invocations
  3513 | D        | Killed a spriggan druid
  3514 | D        | Killed a spriggan air mage
  3536 | D        | Killed Maurice
  3558 | D        | Noticed a nagaraja
  3562 | D        | Noticed an emperor scorpion
  3562 | D        | Killed a nagaraja
  3570 | D        | Killed an emperor scorpion
  3586 | D        | Noticed a minotaur
  3590 | D        | Killed a minotaur
  3591 | D        | Noticed a lindwurm
  3593 | D        | Killed a lindwurm
  3593 | D        | Reached XP level 12. HP: 85/115 MP: 25/25
  3622 | D        | Reached skill level 20 in Invocations
  3716 | D        | Upgraded the game from 0.26-a0-665-gefeb406119 to
                  | 0.26-a0-667-g92642533e4
  4036 | D        | Paralysed by a floating eye for 2 turns
  4060 | D        | Reached skill level 15 in Axes
  4374 | D        | Noticed a death knight
  4374 | D        | Noticed a purple draconian
  4379 | D        | Killed a purple draconian
  4379 | D        | Reached skill level 10 in Bows
  4381 | D        | Killed a death knight
  4384 | D        | Killed a ghost moth
  4530 | D        | Noticed a sun demon
  4816 | D        | Reached skill level 21 in Invocations
  4843 | D        | Noticed a boulder beetle
  4843 | D        | Noticed a vampire knight
  4858 | D        | Killed a vampire knight
  4861 | D        | Killed a boulder beetle
  5158 | D        | Noticed a Brimstone Fiend
  5162 | D        | Killed a Brimstone Fiend
  5723 | D        | Noticed a merfolk avatar
  5727 | D        | Killed a merfolk avatar
  5729 | D        | Noticed an orc warlord
  5733 | D        | Noticed Snorg
  5734 | D        | Noticed an orc warlord
  5735 | D        | Reached XP level 13. HP: 123/125 MP: 2/27
  5735 | D        | Killed an orc warlord
  5736 | D        | Reached skill level 15 in Fighting
  5736 | D        | Reached skill level 22 in Invocations
  5788 | D        | Killed Snorg
  5799 | D        | Killed an orc warlord
  6118 | D        | Noticed a balrug
  6126 | D        | Killed a balrug
  6127 | D        | Noticed a vault guard
  6131 | D        | Killed a vault guard
  6420 | D        | Noticed a vault guard
  6424 | D        | Killed a vault guard
  6446 | D        | Found the +3 sling "Punk" {acid, rCorr}
  6713 | D        | Noticed a great orb of eyes
  6713 | D        | Noticed a frost giant
  6713 | D        | Noticed an ophan
  6713 | D        | Noticed a tentacled monstrosity
  6715 | D        | Killed a frost giant
  6715 | D        | Reached skill level 23 in Invocations
  6717 | D        | Killed a great orb of eyes
  6718 | D        | Killed an ophan
  6719 | D        | Killed a tentacled monstrosity
  6722 | D        | Noticed a tentacled monstrosity
  6722 | D        | Noticed an ancient lich
  6724 | D        | Killed a tentacled monstrosity
  6726 | D        | Killed an ancient lich
  6743 | D        | Noticed a death ooze
  6743 | D        | Noticed a profane servitor
  6750 | D        | Killed a profane servitor
  6750 | D        | Reached skill level 24 in Invocations
  6750 | D        | Reached XP level 14. HP: 138/138 MP: 9/30
  6777 | D        | Noticed an Orb Guardian
  6777 | D        | Noticed an Orb Guardian
  6777 | D        | Noticed an Orb Guardian
  6777 | D        | Noticed an Orb Guardian
  6786 | D        | Killed an Orb Guardian
  6786 | D        | Reached skill level 15 in Armour
  6787 | D        | Killed an Orb Guardian
  6788 | D        | Killed an Orb Guardian
  6790 | D        | Killed an Orb Guardian
  6963 | D        | Noticed a black draconian
  6963 | D        | Noticed a black draconian
  6963 | D        | Noticed a black draconian
  6964 | D        | Noticed Xtahua
  6972 | D        | Killed a black draconian
  6975 | D        | Noticed Louise
  6976 | D        | Killed a black draconian
  6976 | D        | Reached skill level 1 in Stealth
  6976 | D        | Killed Xtahua
  6976 | D        | Reached skill level 1 in Spellcasting
  6976 | D        | Reached skill level 25 in Invocations
  6979 | D        | Killed a black draconian
  6979 | D        | Killed Louise
  6981 | D        | Noticed Boris
  6982 | D        | Noticed a titan
  6985 | D        | Noticed a titan
  6985 | D        | Killed Boris
  6987 | D        | Killed a titan
  6990 | D        | Killed a titan
  7006 | D        | Noticed an Orb Guardian
  7007 | D        | Killed an Orb Guardian
  7014 | D        | Noticed a green draconian
  7016 | D        | Noticed a green draconian
  7016 | D        | Noticed a purple draconian
  7018 | D        | Noticed a yellow draconian
  7019 | D        | Killed a green draconian
  7019 | D        | Noticed a purple draconian
  7021 | D        | Killed a green draconian
  7022 | D        | Noticed a green draconian
  7022 | D        | Killed a purple draconian
  7025 | D        | Noticed an Orb Guardian
  7025 | D        | Killed a yellow draconian
  7025 | D        | Killed a green draconian
  7026 | D        | Identified the +4 dragonskin cloak
  7026 | D        | Noticed Tiamat
  7027 | D        | Noticed a purple draconian
  7027 | D        | Killed a purple draconian
  7027 | D        | Reached skill level 5 in Stealth
  7027 | D        | Reached skill level 26 in Invocations
  7028 | D        | Noticed a purple draconian
  7029 | D        | Noticed a green draconian
  7030 | D        | Killed an Orb Guardian
  7033 | D        | Killed a green draconian
  7033 | D        | Reached XP level 15. HP: 90/149 MP: 13/32
  7047 | D        | Killed Tiamat
  7047 | D        | Reached skill level 5 in Spellcasting
  7069 | D        | Noticed a nagaraja
  7073 | D        | Killed a nagaraja
  7474 | D        | Noticed an Orb Guardian
  7495 | D        | Killed an Orb Guardian
  7873 | D        | Noticed an Ice Fiend
  7873 | D        | Noticed a Hell Sentinel
  7873 | D        | Noticed a green draconian knight
  7873 | D        | Noticed a storm dragon
  7875 | D        | Noticed an Orb Guardian
  7875 | D        | Killed a green draconian knight
  7876 | D        | Noticed an Orb Guardian
  7876 | D        | Killed a storm dragon
  7876 | D        | Reached skill level 1 in Shields
  7876 | D        | Reached skill level 27 in Invocations
  7877 | D        | Noticed an Orb Guardian
  7881 | D        | Killed an Orb Guardian
  7882 | D        | Noticed a Hell Sentinel
  7884 | D        | Noticed an Orb Guardian
  7884 | D        | Killed an Orb Guardian
  7885 | D        | Killed a Hell Sentinel
  7886 | D        | Killed an Orb Guardian
  7887 | D        | Noticed an Orb Guardian
  7887 | D        | Killed a Hell Sentinel
  7888 | D        | Killed an Orb Guardian
  7889 | D        | Killed an Ice Fiend
  7894 | D        | Noticed an Orb Guardian
  7896 | D        | Killed an Orb Guardian
  7896 | D        | Reached skill level 5 in Shields
  7900 | D        | Killed an Orb Guardian
  7903 | D        | Noticed a greater mummy
  7906 | D        | Noticed an emperor scorpion
  7906 | D        | Noticed an emperor scorpion
  7906 | D        | Noticed an emperor scorpion
  7906 | D        | Noticed an emperor scorpion
  7907 | D        | Noticed an emperor scorpion
  7919 | D        | Noticed an emperor scorpion
  7919 | D        | Noticed an emperor scorpion
  7921 | D        | Killed a greater mummy
  7921 | D        | Reached skill level 15 in Dodging
  7928 | D        | Noticed a deep elf blademaster
  7930 | D        | Killed a deep elf blademaster
  8314 | D        | Noticed Mnoleg
  8320 | D        | Noticed a tentacled monstrosity
  8320 | D        | Noticed a tentacled monstrosity
  8349 | D        | Killed Mnoleg
  8349 | D        | Reached XP level 16. HP: 162/162 MP: 4/33
  8828 | D        | Noticed an acid blob
  8830 | D        | Noticed an Orb Guardian
  8832 | D        | Noticed an Orb Guardian
  8832 | D        | Noticed an Orb Guardian
  8832 | D        | Noticed Mara
  8834 | D        | Noticed a Hell Sentinel
  8837 | D        | Killed an Orb Guardian
  8837 | D        | Reached skill level 10 in Stealth
  8837 | D        | Noticed an Orb Guardian
  8838 | D        | Killed an acid blob
  8838 | D        | Killed an Orb Guardian
  8839 | D        | Noticed schets's illusion
  8840 | D        | Killed a Hell Sentinel
  8840 | D        | Killed an Orb Guardian
  8841 | D        | Noticed an Orb Guardian
  8841 | D        | Noticed Murray
  8841 | D        | Killed an Orb Guardian
  8841 | D        | Reached skill level 10 in Shields
  8843 | D        | Noticed an Orb Guardian
  8843 | D        | Noticed an Orb Guardian
  8843 | D        | Killed an Orb Guardian
  8844 | D        | Killed Mara
  8845 | D        | Killed an Orb Guardian
  8845 | D        | Reached skill level 10 in Spellcasting
  8847 | D        | Killed an Orb Guardian
  8850 | D        | Killed Murray
  8850 | D        | Noticed an Orb Guardian
  8852 | D        | Killed an Orb Guardian
  8855 | D        | Noticed an Orb Guardian
  8856 | D        | Noticed an Orb Guardian
  8856 | D        | Noticed an electric golem
  8859 | D        | Killed an electric golem
  8862 | D        | Killed an Orb Guardian
  8862 | D        | Killed an Orb Guardian
  8868 | D        | Noticed a storm dragon
  8871 | D        | Killed a storm dragon
  8874 | D        | Noticed an Orb Guardian
  8877 | D        | Noticed an Orb Guardian
  8879 | D        | Killed an Orb Guardian
  8881 | D        | Killed an Orb Guardian
  8892 | D        | Noticed a golden dragon
  8895 | D        | Killed a golden dragon
  8910 | D        | Noticed an Orb Guardian
  8928 | D        | Killed an Orb Guardian
  8929 | D        | Noticed a tentacled monstrosity
  8930 | D        | Noticed a pearl dragon
  8930 | D        | Noticed Nuacuat the pandemonium lord
  8931 | D        | Noticed Gophegai the pandemonium lord
  8953 | D        | Reached XP level 17. HP: 162/178 MP: 8/34
  8955 | D        | Killed Gophegai the pandemonium lord
  8963 | D        | Killed Nuacuat the pandemonium lord
  8966 | D        | Killed a pearl dragon
  8966 | D        | Killed a tentacled monstrosity
  9500 | D        | Upgraded the game from 0.26-a0-667-g92642533e4 to
                  | 0.26-a0-668-gd58323b419
  9664 | D        | Noticed a titan
  9664 | D        | Noticed a titan
  9677 | D        | Reached skill level 15 in Shields
  9680 | D        | Noticed a titan
  9680 | D        | Killed a titan
  9694 | D        | Killed from afar by a titan

Illustrated notes

Levels and vault maps discovered:
D:        pitsprint [storerooms_1, entrance_room_1, metal_vault_4, armoury_1,
          mini_pit_1, grid_room_1, main_hall_1, silver_pit, the_coven_1,
          the_vestibule_1, steel_vault_4, golden_pit, hallway_of_sentries,
          crystal_vault_4, iron_vault_2, final_vault]

Skill      XL: |  1  2  3  4  5  6  7  8  9 10 11 12 13 14 15 16 17 |
---------------+----------------------------------------------------+-----
Dodging        | 4 5 6 7 8 9 10 11 12 14 15 17 18 | 18.0
Invocations    | 9 11 12 13 14 16 18 19 21 24 26 27 | 27.0
Fighting       | 3 6 7 8 9 10 12 13 14 16 18 20 22 23 | 23.4
Axes           | 5 7 8 9 10 11 13 14 16 18 | 18.0
Bows           | 1 3 5 6 8 9 11 12 14 | 14.5
Armour         | 2 4 6 7 10 11 13 14 16 18 20 21 | 21.5
Stealth        | 5 9 12 | 12.2
Spellcasting   | 4 8 11 12 | 12.6
Shields        | 8 13 15 | 15.3
Throwing       | |  1.7

Action                   |  1- 3 |  4- 6 |  7- 9 | 10-12 | 13-15 | 16-18 || total
-------------------------+-------+-------+-------+-------+-------+-------++-------
Melee: War axe           |     5 |    43 |    31 |    58 |     7 |       ||   144
       Broad axe         |       |       |       |       |    21 |    20 ||    41
 Fire: Shortbow          |       |       |       |       |    19 |       ||    19
Throw: Javelin           |       |       |       |     4 |     1 |       ||     5
Invok: Wall of Briars    |       |     5 |     7 |     8 |     3 |     2 ||    25
       Grow Ballistomyce |       |       |     6 |    13 |    10 |     6 ||    35
       Grow Oklob        |       |       |       |    18 |    19 |     8 ||    45
       Overgrow          |       |       |       |       |     1 |     5 ||     6
  Use: Scroll            |     1 |       |       |       |     1 |     2 ||     4
       Potion            |       |     1 |     3 |     3 |     9 |     5 ||    21
 Stab: Distracted        |       |       |       |       |     1 |       ||     1
       Confused          |       |       |       |       |       |     1 ||     1
Armor: Leather armour    |       |     8 |       |       |       |       ||     8
       Plate armour      |       |     1 |    18 |    74 |     2 |       ||    95
       Gold dragon scale |       |       |       |       |    13 |    10 ||    23
Dodge: Dodged            |       |    40 |    12 |    50 |    14 |     6 ||   122
Block: Tower shield      |       |       |       |       |       |    23 ||    23

Table legend: (Time is in decaauts)
 A = Elapsed time spent in this place.
 B = Non-inter-level travel time spent in this place.
 C = Inter-level travel time spent in this place.
 D = Time resting spent in this place.
 E = Time spent auto-exploring this place.
 F = Levels seen in this place.
 G = Mean time per level.
                   A        B        C        D        E       F      G
               +--------+--------+--------+--------+--------+-----+--------+
         Total |   9753 |   9405 |    348 |   6790 |      0 |   1 | 9753.0 |
       Dungeon |   9753 |   9405 |    348 |   6790 |      0 |   1 | 9753.0 |
               +--------+--------+--------+--------+--------+-----+--------+

Top non-repeatable levels by time:
       D: 9753 daAuts
